 Dungeon Crawl Stone Soup version 0.28-a0-620-g539b0f7ac7 (webtiles) character file.

Game seed: 6380292469414825120

26018 tilp the Destroyer (level 12, -2/81 (92) HPs)
             Began as a Demonspawn Hedge Wizard on Oct 6, 2021.
             Was a High Priest of Vehumet.
             Hit by a silver javelin thrown by a minotaur (8 damage)
             ... in a Gauntlet.
             The game lasted 00:44:29 (15060 turns).

tilp the Destroyer (Demonspawn Hedge Wizard)       Turns: 15060, Time: 00:44:30

HP:   -2/81 (92)    AC: 18    Str: 12    XL:     12   Next: 94%
MP:   0/24          EV: 14    Int: 26    God:    Vehumet [*****.]
Gold: 798           SH:  0    Dex: 14    Spells: 5/27 levels left

rFire   + . .      SeeInvis .   a - +8 long sword "Vimp" {freeze, rPois rF+ Str+2}
rCold   . . .      Faith    .   (no shield)
rNeg    . . .      Spirit   +   w - +1 leather armour {rPois}
rPois   +          Reflect  .   t - +2 hat
rElec   .          Harm     .   J - +2 cloak {rPois}
rCorr   .          Rampage  .   (no gloves)
Will    .....      NoTele   +   G - +1 pair of boots
Stlth   ++........              h - amulet of regeneration
HPRegen 1.23/turn               e - +6 ring of intelligence
MPRegen 0.38/turn               d - +4 ring of protection

@: very slightly contaminated, heavily drained
A: horns 2, thin metallic scales 2, spiny 1, magic shield, magic regeneration
a: Renounce Religion


You were in a Gauntlet.
You worshipped Vehumet.
Vehumet was extremely pleased with you.
You visited 3 branches of the dungeon, and saw 15 of its levels.
You also visited: Ossuary and Gauntlet.

You collected 798 gold pieces.

Inventory:

Hand Weapons
 a - the +8 long sword "Vimp" (weapon) {freeze, rPois rF+ Str+2}
   (You found it on level 10 of the Dungeon)

   It freezes those it strikes, dealing additional cold damage.
   It can also slow down cold-blooded creatures.
   Str:       It affects your strength (+2).
   rF:        It protects you from fire.
   rPois:     It protects you from poison.
 Y - a +4 scimitar of flaming
Missiles
 N - a throwing net
Armour
 t - a +2 hat (worn)
 w - a +1 leather armour of poison resistance (worn)
 G - a +1 pair of boots (worn)
 I - a +3 ring mail of willpower
 J - a +2 cloak of poison resistance (worn)
Jewellery
 c - the amulet of Tuehy {Reflect Will+ SH+5}
   (You found it in a Gauntlet)

   [amulet of reflection]

   It reflects blocked missile attacks.
   SH:        It affects your SH (+5).
   Will:      It increases your willpower.
 d - a +4 ring of protection (right hand)
 e - a +6 ring of intelligence (left hand)
 h - an amulet of regeneration (around neck)
 k - a ring of wizardry
 U - a ring of protection from cold
Wands
 j - a wand of mindburst (25)
 n - a wand of charming (17)
 r - a wand of polymorph (13)
 u - a wand of flame (8)
 F - a wand of iceblast (28)
 M - a wand of paralysis (10)
Scrolls
 b - 2 scrolls of identify
 y - 2 scrolls of fear
 Q - 2 scrolls of fog
 V - a scroll of holy word {unknown}
Potions
 f - 3 potions of might
 g - a potion of heal wounds
 i - 7 potions of mutation
 l - 3 potions of brilliance
 m - 2 potions of attraction
 q - 8 potions of curing
 s - 3 potions of cancellation
 x - 2 potions of lignification
 z - 2 potions of ambrosia
 A - 3 potions of haste
 B - 3 potions of flight
 K - a potion of resistance {unknown}
 R - a potion of invisibility


   Skills:
 - Level 8.0 Fighting
 - Level 8.0 Long Blades
 - Level 6.0 Dodging
 - Level 4.0 Stealth
 - Level 8.0 Spellcasting
 + Level 9.5 Conjurations
 - Level 2.0 Hexes
 - Level 1.0 Summonings
 - Level 4.0 Translocations
 + Level 5.1 Fire Magic
 + Level 7.6 Air Magic
 - Level 2.0 Poison Magic
 - Level 4.0 Evocations


You had 5 spell levels left.
You knew the following spells:

 Your Spells              Type           Power      Damage    Failure   Level
a - Shock                 Conj/Air       100%       1d9       1%          1
b - Call Imp              Summ           15%        N/A       7%          2
c - Blink                 Tloc           N/A        N/A       1%          2
d - Slow                  Hex            20%        N/A       4%          2
e - Mephitic Cloud        Conj/Pois/Air  43%        N/A       1%          3
f - Conjure Flame         Conj/Fire      48%        6-21      1%          3
g - Airstrike             Air            25%        N/A       1%          4
h - Fireball              Conj/Fire      24%        3d11      2%          5

Your spell library contained the following spells:

 Spells                   Type           Power      Damage    Failure   Level
 Freezing Cloud           Conj/Ice/Air   20%        6-21      5%          5
 Apportation              Tloc           62%        N/A       1%          1
 Magic Dart               Conj           100%       1d8       1%          1
 Swiftness                Air            50%        N/A       1%          3
 Gell's Gravitas          Tloc           15%        N/A       4%          3
 Lesser Beckoning         Tloc           31%        N/A       4%          3
 Teleport Other           Tloc           31%        N/A       4%          3
 Olgreb's Toxic Radiance  Pois           20%        N/A       9%          4
 Summon Guardian Golem    Hex/Summ       18%        N/A       12%         3
 Manifold Assault         Tloc           31%        N/A       36%         5
 Summon Ice Beast         Ice/Summ       13%        N/A       50%         4
 Summon Mana Viper        Hex/Summ       18%        N/A       71%         5
 Alistair's Intoxication  Tmut/Pois      10%        N/A       78%         5
 Orb of Destruction       Conj           28%        9d11      30%         7
 Spellforged Servitor     Conj/Summ      18%        N/A       83%         7
 Invisibility             Hex            10%        N/A       99%         6
 Monstrous Menagerie      Summ           7%         N/A       100%        7
 Ozocubu's Refrigeration  Ice            5%         4d6       100%        7
 Storm Form               Tmut/Air       15%        N/A       100%        7
 Ignition                 Fire           18%        3d7       100%        8


Dungeon Overview and Level Annotations

Branches:
Dungeon (12/15)            Temple (1/1) D:4            Lair (2/6) D:10
    Orc (0/2) D:11        Ossuary (visited)         Gauntlet (1/1)
  Swamp: Lair:2-4    Shoals: Lair:2-4     Snake: Lair:2-4    Spider: Lair:2-4

Altars:
Ashenzari
Cheibriados
Dithmenos
Elyvilon
Fedhas
Gozag
Hepliaklqana
Kikubaaqudgha
Makhleb
Nemelex Xobeh
Okawaru
Qazlal
Ru
Sif Muna
Trog
Uskayaw
Vehumet
Wu Jian
Xom
Yredelemnul
Zin
The Shining One

Shops:
D:11 :

Portals:
Trove: D:10 (give +4 demon whip)

Annotations:
D:3 Terence Gauntlet 8 transporters, 1 runed translucent door, exclusion: lightning spire


Innate Abilities, Weirdness & Mutations

You have a pair of horns on your head.
You are mostly covered in thin metallic scales. (AC +3)
You are partially covered in sharp spines.
When hurt, damage is shared between your health and your magic reserves.
You regenerate magic rapidly.


Message History

Aim: a minotaur, wearing the +27 Lear's hauberk and quivering silver javelins (heavily wounded, wandering, hasn't noticed you)
The fireball explodes!
The fireball engulfs the minotaur but does no damage.
The minotaur is heavily wounded.
The minotaur throws a silver javelin.
The silver javelin closely misses you.
Unknown command.
Magic courses through your body.
Casting: Fireball (dangerous; 2% risk of failure)
Confirm with . or Enter, or press ? or * to list all spells.
Aiming: Fireball (dangerous; 2% risk of failure)
Press: ? - help, Shift-Dir - straight line, f/p - minotaur
Aim: a minotaur, wearing the +27 Lear's hauberk and quivering silver javelins (heavily wounded)
The fireball explodes!
The fireball engulfs the minotaur but does no damage.
The minotaur is heavily wounded.
You flicker back into view.
Unknown command.
Casting: Fireball (dangerous; 2% risk of failure)
Confirm with . or Enter, or press ? or * to list all spells.
Aiming: Airstrike (mildly dangerous; 1% risk of failure)
Press: ? - help, Dir - move target, f/p - minotaur
Aim: a minotaur, wearing the +27 Lear's hauberk and quivering silver javelins (heavily wounded, empty space bonus: 1/8)
The air twists around and strikes the minotaur.
The minotaur is heavily wounded.
The minotaur hits you. The minotaur gores you!
Okay, then.
The minotaur throws a silver javelin.
The silver javelin closely misses you.
The minotaur throws a silver javelin.
The silver javelin misses you.
The minotaur throws a silver javelin.
The silver javelin pierces through you!
* * * LOW HITPOINT WARNING * * *
The silver sears you!
* * * LOW HITPOINT WARNING * * *
Casting: Airstrike (mildly dangerous; 1% risk of failure)
Confirm with . or Enter, or press ? or * to list all spells.
The fire begins to smoulder!
The minotaur throws a silver javelin.
The silver javelin pierces through you!!
* * * LOW HITPOINT WARNING * * *
The silver sears you!
You die...

#o⌠..# #o..⌠+ +⌠o.. ..∩ #.#
#######'####### #.............#
#.###.###.###.# #...H.§@......#
###.###.###.###
#####.###.###.#####
.................
#.♣.♣.©.©.©.©.♣.♣.#
................. # ###
##################### ### #
###≈###≈###...........###≈###≈###
≈#≈≈≈#≈≈≈#..♣......P♣..#≈≈≈#≈≈≈#≈


You could see a minotaur.

Vanquished Creatures
  Nessos (D:12)
  Snorg (D:11)
  Harold (D:10)
  Josephine (D:11)
  A vault guard (D:10)
  Fannar (Lair:2)
  4 hydras
  4 two-headed ogres
  Erica (Lair:2)
  3 cyclopes
  A manticore (D:12)
  An ugly thing (D:12)
  3 large abominations (Gauntlet)
  An elephant (D:9)
  A black mamba (Lair:1)
  5 cane toads
  A rime drake (Lair:1)
  4 komodo dragons (Lair:1)
  2 trolls
  A hornet (D:9)
  4 slime creatures (D:12)
  3 blink frogs (Lair:1)
  4 wraiths (D:11)
  4 small abominations (Gauntlet)
  A shadow (D:10)
  4 yaks
  A vampire (D:11)
  Grum (D:11)
  A wyvern (D:8)
  2 basilisks
  2 steam dragons
  A warg (D:9)
  Edmund (D:6)
  An acid dragon (D:6)
  6 water moccasins
  2 sky beasts
  2 black bears
  4 orc warriors
  An ice beast (D:4)
  8 wolves
  A phantom (D:6)
  2 centaurs
  5 elf zombies (Ossuary)
  6 kobold brigands
  Blork the orc (D:6)
  A gnoll sergeant (D:8)
  8 bullfrogs
  A wyvern zombie (D:8)
  A scorpion (D:6)
  A wyvern skeleton (D:5)
  2 water moccasin skeletons
  4 howler monkeys
  A crimson imp (D:7)
  2 centaur zombies
  3 hounds
  Crazy Yiuf (D:3)
  A human zombie (Ossuary)
  6 orc priests
  A gnoll shaman (D:8)
  Natasha (thrice) (D:2)
  2 iguanas
  10 orc wizards
  A hound zombie (Ossuary)
  3 mummies (Ossuary)
  11 gnolls
  3 howler monkey skeletons
  6 adders
  4 shadow imps
  4 white imps
  An ufetubus (D:7)
  3 adder zombies (Ossuary)
  4 worms
  A dart slug (D:2)
  36 orcs
  8 bats
  5 endoplasms
  9 giant cockroaches
  8 hobgoblins
  A quokka (D:1)
  8 ball pythons
  2 frilled lizards
  4 goblins
  2 goblin zombies (Ossuary)
  5 hobgoblin zombies (Ossuary)
  2 jackal skeletons (D:4)
  4 jackal zombies (Ossuary)
  27 kobolds
  4 kobold zombies (Ossuary)
  7 quokka zombies (Ossuary)
  5 rats
  5 rat zombies (Ossuary)
  A bush (D:3)
338 creatures vanquished.

Vanquished Creatures (collateral kills)
  An adder (D:5)
1 creature vanquished.

Vanquished Creatures (others)
  A ball python (D:3)
  7 fungi
  10 plants (Lair:2)
18 creatures vanquished.

Grand Total: 357 creatures vanquished

Notes
Turn   | Place    | Note
-------+----------+-------------------------------------------
     0 | D:1      | tilp the Demonspawn Hedge Wizard began the quest for the
                  | Orb.
     0 | D:1      | Reached XP level 1. HP: 13/13 MP: 4/4
    60 | D:1      | Found a faded altar of an unknown god.
   476 | D:1      | Reached skill level 2 in Conjurations
   510 | D:1      | Gained mutation: You are partially covered in thin metallic
                  | scales. (AC +2) [demonic ancestry]
   510 | D:1      | Reached XP level 2. HP: 19/19 MP: 3/6
  1396 | D:1      | Reached skill level 3 in Conjurations
  1396 | D:1      | Reached XP level 3. HP: 14/24 MP: 2/7
  1713 | D:2      | Noticed Natasha
  1722 | D:2      | Killed Natasha
  2005 | D:2      | Gained mutation: You have a pair of small horns on your
                  | head. [demonic ancestry]
  2005 | D:2      | Reached XP level 4. HP: 30/30 MP: 6/8
  2014 | D:2      | Reached skill level 4 in Conjurations
  2362 | D:2      | Noticed Natasha
  2365 | D:2      | Killed Natasha
  2366 | D:2      | Reached skill level 1 in Fighting
  2731 | D:2      | Found a basalt altar of Yredelemnul.
  2777 | D:2      | Noticed Natasha
  2782 | D:2      | Killed Natasha
  2783 | D:2      | Gained mutation: You regenerate magic rapidly. [demonic
                  | ancestry]
  2783 | D:2      | Reached XP level 5. HP: 38/38 MP: 4/9
  2883 | D:2      | Learned a level 2 spell: Blink
  2886 | D:2      | Learned a level 2 spell: Call Imp
  2889 | D:2      | Learned a level 2 spell: Slow
  2942 | D:3      | Noticed Terence
  3611 | D:3      | Found a faded altar of an unknown god.
  3612 | D:3      | Found a hazy altar of Hepliaklqana.
  3984 | D:3      | Found a runed translucent door.
  3985 | D:3      | Noticed Crazy Yiuf
  4094 | D:4      | Gained mutation: You are partially covered in sharp spines.
                  | [demonic ancestry]
  4094 | D:4      | Reached XP level 6. HP: 46/46 MP: 10/10
  4104 | D:4      | Found a broken altar of Ashenzari.
  4108 | D:4      | Saw a vision of the Swamp and the Spider Nest.
  4108 | D:4      | Noticed a swamp drake
  4108 | D:4      | Noticed a goliath frog
  4108 | D:4      | Noticed a wolf spider
  4108 | D:4      | Noticed a goliath frog
  4108 | D:4      | Noticed an alligator
  4108 | D:4      | Noticed a wolf spider
  4108 | D:4      | Noticed a wolf spider
  4108 | D:4      | Noticed a will-o-the-wisp
  4110 | D:4      | Noticed a wolf spider
  4125 | D:4      | Found an ornate altar of the Wu Jian Council.
  4163 | D:4      | Noticed an ice beast
  4213 | D:4      | Found a staircase to the Ecumenical Temple.
  4241 | Temple   | Entered the Ecumenical Temple
  4358 | Temple   | Became a worshipper of Vehumet
  4540 | D:4      | Found an opulent altar of Gozag.
  4598 | D:4      | Found a blossoming altar of Fedhas.
  4630 | D:4      | Killed an ice beast
  4761 | D:5      | Entered Level 5 of the Dungeon
  4826 | D:5      | Found a sand-covered staircase.
  4832 | Ossuary  | Entered an ossuary
  4909 | Ossuary  | Reached * piety under Vehumet
  4909 | Ossuary  | Offered knowledge of Freeze by Vehumet.
  4910 | Ossuary  | Reached XP level 7. HP: 53/53 MP: 11/11
  4992 | Ossuary  | Reached skill level 1 in Translocations
  5115 | Ossuary  | Reached skill level 1 in Evocations
  5260 | Ossuary  | Learned a level 1 spell: Shock
  5264 | Ossuary  | Learned a level 3 spell: Conjure Flame
  5268 | Ossuary  | Learned a level 3 spell: Mephitic Cloud
  5545 | D:5      | Offered knowledge of Scorch by Vehumet.
  5546 | D:5      | Gained mutation: You have a pair of horns on your head.
                  | [demonic ancestry]
  5546 | D:5      | Reached XP level 8. HP: 55/60 MP: 14/14
  5560 | D:5      | Reached skill level 1 in Fire Magic
  5560 | D:5      | Reached skill level 1 in Poison Magic
  5594 | D:5      | Reached ** piety under Vehumet
  5595 | D:5      | Reached skill level 1 in Air Magic
  6331 | D:6      | Noticed Blork the orc
  6336 | D:6      | Killed Blork the orc
  6357 | D:6      | Reached skill level 5 in Conjurations
  6511 | D:6      | Gained mutation: When hurt, damage is shared between your
                  | health and your magic reserves. [demonic ancestry]
  6511 | D:6      | Reached XP level 9. HP: 65/65 MP: 2/15
  6633 | D:6      | Offered knowledge of Poisonous Vapours by Vehumet.
  6639 | D:6      | Noticed Edmund
  6656 | D:6      | Killed Edmund
  7118 | D:7      | Reached *** piety under Vehumet
  7119 | D:7      | Reached skill level 6 in Conjurations
  7385 | D:7      | Offered knowledge of Iskenderun's Mystic Blast by Vehumet.
  7913 | D:7      | Found a burning altar of Makhleb.
  7978 | D:8      | Found an iron altar of Okawaru.
  8084 | D:8      | Reached skill level 5 in Spellcasting
  8084 | D:8      | Reached skill level 5 in Air Magic
  8747 | D:8      | Found a shimmering blue altar of Sif Muna.
  8817 | D:8      | Learned a level 4 spell: Airstrike
  8817 | D:8      | Upgraded the game from 0.28-a0-612-gcfc00ec14d to
                  | 0.28-a0-620-g539b0f7ac7
  8834 | D:9      | Noticed a troll
  8959 | D:9      | Reached skill level 5 in Fighting
  8959 | D:9      | Reached **** piety under Vehumet
  9037 | D:9      | Offered knowledge of Fireball by Vehumet.
  9038 | D:9      | Gained mutation: You are mostly covered in thin metallic
                  | scales. (AC +3) [demonic ancestry]
  9038 | D:9      | Reached XP level 10. HP: 74/74 MP: 19/19
  9148 | D:9      | Noticed Maurice
  9163 | D:9      | Noticed Maurice
  9163 | D:9      | Maurice changed into Maurice the warg
  9176 | D:9      | Killed Maurice the warg
  9216 | D:9      | Reached skill level 7 in Conjurations
  9253 | D:9      | Noticed a two-headed ogre
  9544 | D:9      | Found a sacrificial altar of Ru.
  9545 | D:9      | Found a basalt altar of Yredelemnul.
  9641 | D:9      | Killed a two-headed ogre
  9642 | D:9      | Reached skill level 8 in Conjurations
  9699 | D:10     | Entered Level 10 of the Dungeon
  9857 | D:10     | Noticed an elephant
  9860 | D:10     | Reached skill level 1 in Hexes
  9897 | D:9      | Killed an elephant
 10003 | D:10     | Noticed Harold
 10024 | D:10     | Killed Harold
 10055 | D:10     | Identified the +8 long sword "Vimp" {freeze, rPois rF+
                  | Str+2}
 10187 | D:10     | Reached skill level 1 in Long Blades
 10193 | D:10     | Learned a level 5 spell: Fireball
 10208 | D:10     | Noticed a vault guard
 10221 | D:10     | Killed a vault guard
 10234 | D:10     | Found a portal to a secret trove of treasure.
 10288 | D:10     | Noticed a cyclops
 10301 | D:10     | Killed a cyclops
 10302 | D:10     | Reached XP level 11. HP: 81/81 MP: 21/21
 10480 | D:10     | Found a staircase to the Lair.
 10598 | D:11     | Found Osiz's Book Boutique.
 10625 | D:11     | Noticed Grum
 10634 | D:11     | Killed Grum
 10676 | D:11     | Found a staircase to the Orcish Mines.
 10690 | D:11     | Noticed a two-headed ogre
 10697 | D:11     | Killed a two-headed ogre
 10698 | D:11     | Reached skill level 5 in Long Blades
 11003 | D:11     | Noticed Josephine
 11219 | D:11     | Killed Josephine
 11252 | D:11     | Noticed Snorg
 11299 | D:11     | Killed Snorg
 11696 | D:11     | Identified a scroll of acquirement
 11741 | D:12     | Noticed a white ugly thing
 11742 | D:12     | Noticed Nessos
 11832 | D:12     | Noticed a four-headed hydra
 11850 | D:12     | Killed Nessos
 11875 | D:12     | Killed a nine-headed hydra
 11876 | D:12     | Reached skill level 5 in Dodging
 12062 | D:12     | Killed a white ugly thing
 12267 | D:12     | Noticed a two-headed ogre
 12281 | D:12     | Killed a two-headed ogre
 12282 | D:12     | Reached XP level 12. HP: 76/91 MP: 7/22
 12374 | D:12     | Noticed a two-headed ogre
 12382 | D:12     | Killed a two-headed ogre
 13036 | D:3      | Killed Crazy Yiuf
 13271 | Lair:1   | Entered Level 1 of the Lair of Beasts
 13419 | Lair:1   | Noticed a five-headed hydra
 13428 | Lair:1   | Killed a five-headed hydra
 14127 | Lair:2   | Noticed Erica
 14127 | Lair:2   | Noticed a five-headed hydra
 14139 | Lair:1   | Killed a six-headed hydra
 14165 | Lair:2   | Noticed Fannar
 14198 | Lair:2   | Killed Fannar
 14219 | Lair:2   | Reached skill level 9 in Conjurations
 14227 | Lair:2   | Reached ***** piety under Vehumet
 14242 | Lair:2   | Noticed a six-headed hydra
 14248 | Lair:2   | Killed a six-headed hydra
 14267 | Lair:2   | Offered knowledge of Freezing Cloud by Vehumet.
 14355 | Lair:2   | Killed Erica
 14391 | Lair:2   | Found a gate leading to a gauntlet.
 14417 | Gauntlet | Entered a Gauntlet
 14417 | Gauntlet | Found a transporter.
 14424 | Gauntlet | Found a transporter.
 14426 | Gauntlet | Found a transporter.
 14439 | Gauntlet | Found a transporter.
 14440 | Gauntlet | Found a transporter.
 14450 | Gauntlet | Found a transporter.
 14463 | Gauntlet | Found a transporter.
 14475 | Gauntlet | Found a transporter.
 14486 | Gauntlet | Found a transporter.
 14490 | Gauntlet | Found a runed translucent door.
 14495 | Gauntlet | Found a transporter.
 14495 | Gauntlet | Found a transporter.
 14523 | Gauntlet | Found a transporter.
 14523 | Gauntlet | Found a transporter.
 14573 | Gauntlet | Found a transporter.
 14900 | Gauntlet | Reached skill level 5 in Fire Magic
 14939 | Gauntlet | Identified the amulet of Tuehy {Reflect Will+ SH+5}
 15000 | Gauntlet | Noticed a minotaur
 15060 | Gauntlet | Hit by a silver javelin thrown by a minotaur

Illustrated notes

Levels and vault maps discovered:
D:1:      scummos_arrival_star, layout_loops_cross,
          ebering_ecumenical_altar_sacrificial
D:2:      minmay_spotlight, layout_loops_ring, basic_altar, uniq_natasha
D:3:      layout_loops_ring, beargit_hepliaklqana_dungeon_heroes,
          lemuel_flame_loot_1, uniq_crazy_yiuf_cottage, uniq_terence
D:4:      layout_cave_pools, grunt_gozag_breadcrumbs, grunt_ashenzari_visionary
          [grunt_ashenzari_visionary_swamp, grunt_ashenzari_visionary_spider],
          mainiacjoe_overflow_cross_hatched, lemuel_crystal_altar,
          minmay_temple_entry_offerings
D:5:      layout_gridville, nicolae_ossuary_entry_plus
D:6:      layout_loops_cross, uniq_edmund, uniq_blork_the_orc
D:7:      layout_basic, makhleb_grotto_becter
D:8:      layout_basic, tgw_sif, okawaru_trees_1
D:9:      layout_rooms, gammafunk_temple_overflow_statue, uniq_maurice
D:10:     layout_stronghold, david_lair_generic, enter_trove_5, uniq_harold
D:11:     layout_loops_ring, david_orc_3, serial_shops, nicolae_take_the_stairs,
          dk_vineyard_2, uniq_grum, uniq_snorg, uniq_josephine
D:12:     layout_rooms, minmay_misc_feat_roman, uniq_nessos
Temple:   hc_temple_tempest_star
Lair:1:   layout_small_grid
Lair:2:   layout_regular_city, dummy_spider_entry, gauntlet_entry_generic,
          uniq_sonja, uniq_fannar, uniq_erica
Gauntlet: minmay_gauntlet_77_tree [minmay_gauntlet_arena_77_squiggly,
          minmay_gauntlet_arena_77_mirror,
          minmay_gauntlet_arena_77_chump_sandwich,
          minmay_gauntlet_arena_77_path, minmay_gauntlet_arena_77_box,
          minmay_gauntlet_arena_77_broken_ladder,
          minmay_gauntlet_arena_77_double_cross, gauntlet_exit_hidden_loot]

Skill      XL: |  1  2  3  4  5  6  7  8  9 10 11 12 |
---------------+-------------------------------------+-----
Conjurations   | 2 3 4 5 6 8 9 |  9.5
Fighting       | 2 3 4 5 6 7 8 |  8.0
Dodging        | 2 3 4 5 6 |  6.0
Stealth        | 2 3 4 |  4.0
Translocations | 2 4 |  4.0
Spellcasting   | 4 6 7 8 |  8.0
Evocations     | 2 3 4 |  4.0
Fire Magic     | 2 5 |  5.1
Poison Magic   | 2 |  2.0
Air Magic      | 4 6 7 |  7.6
Hexes          | 2 |  2.0
Long Blades    | 3 8 |  8.0
Summonings     | |  1.0

Action                   |  1- 3 |  4- 6 |  7- 9 | 10-12 || total
-------------------------+-------+-------+-------+-------++-------
Melee: Dagger            |    30 |    55 |   277 |    67 ||   429
       Headbutt          |       |    29 |    34 |    71 ||   134
       Short sword       |       |    95 |       |       ||    95
       Long sword        |       |       |       |   290 ||   290
 Cast: Magic Dart        |    67 |    54 |     3 |       ||   124
       Call Imp          |       |     2 |       |       ||     2
       Conjure Flame     |       |       |    13 |    14 ||    27
       Shock             |       |       |   112 |    37 ||   149
       Mephitic Cloud    |       |       |    16 |    30 ||    46
       Airstrike         |       |       |       |    62 ||    62
       Blink             |       |       |       |     9 ||     9
       Fireball          |       |       |       |    17 ||    17
       Slow              |       |       |       |     3 ||     3
Evoke: Wand              |       |       |     1 |     8 ||     9
  Use: Scroll            |     2 |     1 |    13 |    10 ||    26
       Potion            |       |     2 |       |     9 ||    11
 Stab: Sleeping          |     1 |     2 |     3 |     2 ||     8
       Confused          |       |       |     5 |    12 ||    17
       Paralysed         |       |       |       |     7 ||     7
       Invisible         |       |       |       |     4 ||     4
Armor: Robe              |    19 |     8 |       |       ||    27
       Leather armour    |       |    35 |    95 |   160 ||   290
Dodge: Dodged            |    30 |    65 |   147 |   221 ||   463

Table legend: (Time is in decaauts)
 A = Elapsed time spent in this place.
 B = Non-inter-level travel time spent in this place.
 C = Inter-level travel time spent in this place.
 D = Time resting spent in this place.
 E = Time spent auto-exploring this place.
 F = Levels seen in this place.
 G = Mean time per level.
                   A        B        C        D        E       F      G
               +--------+--------+--------+--------+--------+-----+--------+
         Total |  15118 |  14090 |   1028 |   1892 |   8963 |  17 |  889.3 |
       Dungeon |  12763 |  11878 |    885 |   1687 |   7885 |  12 | 1063.6 |
        Temple |    129 |     95 |     34 |      0 |     82 |   1 |  129.0 |
          Lair |   1148 |   1040 |    108 |     18 |    659 |   2 |  574.0 |
       Ossuary |    441 |    441 |      0 |    100 |    107 |   1 |  441.0 |
      Gauntlet |    634 |    634 |      0 |     87 |    230 |   1 |  634.0 |
               +--------+--------+--------+--------+--------+-----+--------+

Top non-repeatable levels by time:
     D:1: 1679 daAuts
     D:3: 1373 daAuts
     D:2: 1235 daAuts
    D:11: 1183 daAuts
     D:5: 1159 daAuts
    D:12: 1046 daAuts
    D:10: 952 daAuts
     D:7: 921 daAuts
  Lair:1: 917 daAuts
     D:8: 887 daAuts
     D:9: 875 daAuts
     D:6: 804 daAuts
     D:4: 642 daAuts
Gauntlet: 634 daAuts
 Ossuary: 441 daAuts
